 Dungeon Crawl Stone Soup version 0.25-a0-834-g55863b0b92 (webtiles) character file.

Game seed: 6817395810695491288, levelgen mode: deterministic

71498 Lavandula the Fencer (level 15, -2/115 HPs)
             Began as a Vine Stalker Chaos Knight on Apr 23, 2020.
             Was a Plaything of Xom.
             Slain by a shambling mangrove (13 damage)
             ... on level 1 of the Swamp.
             The game lasted 01:09:47 (15792 turns).

Lavandula the Fencer (Vine Stalker Chaos Knight)   Turns: 15792, Time: 01:09:47

Health: -2/115     AC: 13    Str: 16    XL:     15   Next: 36%
Magic:  0/22       EV: 13    Int: 14    God:    Xom [..*...]
Gold:   535        SH:  8    Dex: 25    Spells: 7/22 levels left

rFire    x . .     SeeInvis .   C - +2 scimitar (flame)
rCold    + . .     Gourm    .   g - +2 buckler
rNeg     . . .     Faith    .   U - +0 acid dragon scales
rPois    +         Spirit   +   A - +2 hat {MR+}
rElec    .         Reflect  .   E - scarf {repulsion}
rCorr    +         Harm     .   m - +0 pair of gloves
MR       ++...     Rnd*Rage +   z - +0 pair of boots
Stlth    ..........             (no amulet)
HPRegen  1.09/turn              B - +6 ring of dexterity
MPRegen  0.18/turn              J - ring "Ebiplirch" {Ice *Corrode rPois Int+4 Slay+3}

@: berserking, grasped by roots, constricted, repel missiles, very quick
A: fangs 3, talons 1, berserk 1, dopey 1, poison resistance, regeneration 2,
screaming 1, wild magic 1, magic shield, antimagic bite, no potion heal 3, rot
immunity, MP-powered wands
a: Renounce Religion


You were on level 1 of the Swamp.
You worshipped Xom.
You were a toy of Xom.
You were not hungry.

You visited 4 branches of the dungeon, and saw 25 of its levels.

You collected 1978 gold pieces.
You spent 1443 gold pieces at shops.

Inventory:

Hand Weapons
 v - a +2 long sword of electrocution
 C - a +2 scimitar of flaming (weapon)
 K - the +9 triple sword "Araefruj" {vorpal, rPois rF+}
   (You acquired it on level 3 of the Lair of Beasts)

   It inflicts extra damage upon your enemies.
   It protects you from fire.
   It protects you from poison.
 L - a +3 dagger of venom
Missiles
 t - 6 throwing nets (quivered)
 y - 4 curare-tipped darts
 N - 5 javelins
Armour
 g - a +2 buckler (worn)
 m - a +0 pair of gloves (worn)
 z - a +0 pair of boots (worn)
 A - a +2 hat of magic resistance (worn)
 E - a scarf of repulsion (worn)
 G - a +1 chain mail of fire resistance
 M - a +2 robe of cold resistance
 U - +0 acid dragon scales (worn)
Magical Staves
 W - an uncursed staff of energy
Jewellery
 e - the ring "Idghaoda" {rCorr Str+3 Int+3 Dex-5}
   (You found it on level 1 of the Swamp)

   [ring of resist corrosion]

   It affects your strength (+3).
   It affects your intelligence (+3).
   It affects your dexterity (-5).
   It provides partial protection from all sources of acid and corrosion.
 B - a +6 ring of dexterity (left hand)
 J - the ring "Ebiplirch" (right hand) {Ice *Corrode rPois Int+4 Slay+3}
   (You found it on level 1 of the Swamp)

   [ring of ice]

   It enhances your ice magic.
   It affects your intelligence (+4).
   It affects your accuracy and damage with ranged weapons and melee attacks
   (+3).
   It makes you vulnerable to fire.
   It protects you from cold.
   It protects you from poison.
   It may corrode you when you take damage.
 R - an uncursed ring of fire
 T - an uncursed ring of protection from magic
 X - an uncursed ring of wizardry
Wands
 b - a wand of disintegration (18)
 h - a wand of flame (65)
 p - a wand of polymorph (1)
 q - a wand of acid (10)
 I - a wand of digging (5)
 Y - a wand of scattershot (4)
Scrolls
 a - a scroll of blinking
 d - 3 scrolls of remove curse
 f - 3 scrolls of immolation
 i - 6 scrolls of teleportation
 l - 4 scrolls of fog
 n - 2 scrolls of torment
 w - 4 scrolls of magic mapping
 x - 8 scrolls of amnesia
 H - 4 scrolls of enchant armour
 O - a scroll of fear
 Z - a scroll of silence
Potions
 j - a potion of might
 k - 3 potions of flight
 o - a potion of resistance
 r - 5 potions of lignification
 s - 6 potions of curing
 u - 3 potions of mutation
 D - 5 potions of brilliance
 F - 6 potions of haste
 Q - 3 potions of magic
 V - 2 potions of stabbing
Miscellaneous
 P - a phial of floods
Comestibles
 c - 29 rations


   Skills:
 - Level 8.1 Fighting
 + Level 16.2 Long Blades
 - Level 9.0 Armour
 - Level 5.0 Dodging
 - Level 7.1 Stealth
 - Level 4.0 Shields
 - Level 4.2 Spellcasting
 - Level 3.2 Summonings
 - Level 7.1 Translocations
 - Level 5.6 Air Magic
 - Level 3.9 Evocations


You had 7 spell levels left.
You knew the following spells:

 Your Spells              Type           Power        Failure   Level  Hunger
a - Blink                 Tloc           N/A          3%          2    ##.....
b - Mephitic Cloud        Conj/Pois/Air  ##......     41%         3    ###....
c - Summon Lightning Spi  Summ/Air       ###.....     45%         4    ####...
d - Shroud of Golubria    Chrm/Tloc      ###...       13%         2    ##.....
e - Passage of Golubria   Tloc           N/A          19%         4    ####...

Your spell library contained the following spells:

 Spells                   Type           Power        Failure   Level  Hunger
 Gell's Gravitas          Tloc           ####......   6%          3    ###....
 Lesser Beckoning         Tloc           ####......   6%          3    ###....
 Teleport Other           Tloc           ####....     6%          3    ###....
 Summon Small Mammal      Summ           ###.         10%         1    None
 Recall                   Summ/Tloc      N/A          13%         3    ###....
 Call Imp                 Summ           ###.....     14%         2    ##.....
 Call Canine Familiar     Summ           ###.....     26%         3    ###....
 Corona                   Hex            #......      32%         1    None
 Foxfire                  Conj/Fire      #...         32%         1    None
 Magic Dart               Conj           #...         32%         1    None
 Ensorcelled Hibernation  Hex/Ice        #.....       45%         2    ##.....
 Slow                     Hex            #.......     45%         2    ##.....
 Summon Guardian Golem    Hex/Summ       #.......     45%         3    ###....
 Confusing Touch          Hex            #.......     67%         3    ###....
 Conjure Flame            Conj/Fire      #.......     67%         3    ###....
 Dazzling Flash           Conj/Hex       #.....       67%         3    ###....
 Inner Flame              Hex/Fire       #.......     67%         3    ###....
 Tukima's Dance           Hex            #.......     67%         3    ###....
 Summon Ice Beast         Ice/Summ       ##......     83%         4    ####...
 Animate Dead             Necr           N/A          96%         4    ####...
 Sticky Flame             Conj/Fire      #.......     96%         4    ####...
 Borgnjor's Vile Clutch   Necr/Erth      #.........   100%        5    ######.
 Fireball                 Conj/Fire      #.........   100%        5    ######.
 Death Channel            Necr           #.........   100%        6    #######
 Simulacrum               Ice/Necr       #.........   100%        6    #######


Dungeon Overview and Level Annotations

Branches:
Dungeon (15/15)            Temple (0/1) D:6            Lair (6/6) D:11
  Swamp (2/4) Lair:2       Spider (0/4) Lair:2        Slime (0/5) Lair:5
    Orc (2/2) D:10            Elf (0/3) Orc:2        Vaults (0/5) D:13
 Depths (0/5) D:15

Altars:
Ashenzari
Cheibriados
Elyvilon
Fedhas
Trog
Uskayaw
Wu Jian
Xom
Zin
Beogh
Jiyva

Shops:
D:5 (%:[*   D:6 *   Orc:2 [?!(

Annotations:
D:2 basilisk!
D:4 death drake!
D:14 Roxanne
Lair:5 1 runed translucent door


Innate Abilities, Weirdness & Mutations

You have razor-sharp teeth.
You heal very quickly.
When hurt, damage is shared between your health and your magic reserves.
Your bite disrupts and absorbs the magic of your enemies.
Potions cannot restore your health.
You are immune to rotting.
You have sharp toenails.
You tend to lose your temper in combat.
You are dopey. (Int -2)
Your system is resistant to poisons. (rPois)
You occasionally shout uncontrollably at your foes.
Your spells are a little harder to cast, but a little more powerful.
You expend magic power (3 MP) to strengthen your wands.


Message History

The shambling mangrove is heavily damaged.
Angry insects surge out from beneath the shambling mangrove's foliage!
The shambling mangrove hits you!!
* * * LOW HITPOINT WARNING * * *
The grasping roots constrict you!
Unknown command.
You slice the shambling mangrove!! You burn the shambling mangrove.
You bite the shambling mangrove. You drain its power.
You feel invigorated.
The shambling mangrove is almost destroyed.
Unknown command.
You slash the shambling mangrove! You burn the shambling mangrove.
The shambling mangrove is almost destroyed.
Unknown command.
You completely miss the shambling mangrove.
Your bite misses the shambling mangrove.
The shambling mangrove is almost destroyed.
The shambling mangrove hits you!!
* * * LOW HITPOINT WARNING * * *
You die...
Xom snickers!

♣ ♣≈ ∆ ♣≈. ♣≈≈♣♣♣♣
♣♣....≈♣ ♣≈.≈≈≈@♣ ≈%.≈
♣≈.≈≈yf♣♣ ♣♣♣...≈≈≈
♣♣....y.♣♣♣♣♣♣♣≈....≈≈≈
♣≈.≈≈≈≈†........)≈≈≈≈≈≈
♣.≈≈≈≈≈≈≈.≈≈≈.≈.≈≈≈≈≈≈.
♣.≈≈≈≈≈≈≈.≈≈≈.♣§≈≈≈≈≈≈#
♣.≈.≈♣♣≈≈.....≈....≈≈.#
♣.... ♣♣♣♣♣...........#
♣.≈≈≈ ♣♣.≈§.>†!..§≈#


You could see a shambling mangrove and 2 hornets.

Vanquished Creatures
  Josephine (D:10)
  A fire dragon (Lair:6)
  A vault guard (D:13)
  Harold (D:10)
  8 hydras
  Fannar (D:10)
  A ghost crab (Swamp:1)
  A centaur warrior (D:13)
  3 two-headed ogres
  4 alligators (Swamp:1)
  A death yak (shapeshifter) (Swamp:1)
  5 death yaks (Lair:6)
  4 orc high priests
  Urug (Lair:5)
  A swamp dragon (Swamp:1)
  5 orc knights
  A harpy (shapeshifter) (D:9)
  A lindwurm (Lair:6)
  3 cyclopes
  2 ugly things
  3 orc sorcerers (Orc:1)
  A wolf spider (D:13)
  2 fauns
  A shining eye (D:13)
  Maurice (D:10)
  10 elephants
  3 molten gargoyles (Lair:6)
  5 black mambas
  5 spiny frogs
  A rime drake (Lair:3)
  7 komodo dragons
  A meliai (D:14)
  3 polar bears
  7 trolls
  A polar bear (shapeshifter) (D:13)
  3 jumping spiders (Lair:2)
  2 hornets (Swamp:1)
  5 tyrant leeches
  4 slime creatures
  2 bog bodies (Swamp:1)
  6 blink frogs
  5 hippogriffs
  2 spriggans
  6 wyverns
  7 wraiths
  4 shadows
  A redback (Lair:2)
  A redback (shapeshifter) (D:13)
  A hog (Lair:6)
  25 yaks
  2 basilisks
  3 steam dragons (Lair:6)
  12 vampire mosquitoes
  4 swamp worms
  2 wargs
  An acid dragon (D:13)
  A soldier ant (D:11)
  4 hell hounds (Lair:6)
  9 porcupines
  7 water moccasins
  A swamp drake (Swamp:2)
  4 sky beasts
  13 orc warriors
  4 ice beasts
  3 phantoms
  2 black bears
  10 ogres
  8 wolves
  6 centaurs
  8 crocodiles
  A big kobold (D:9)
  16 bullfrogs
  A gnoll sergeant (D:8)
  A wyvern skeleton (D:11)
  9 scorpions
  A water moccasin skeleton (D:12)
  18 killer bees
  4 wights (D:11)
  6 howler monkeys
  5 crimson imps
  4 lava snakes (Lair:6)
  4 jellies
  A bullfrog skeleton (D:5)
  11 orc priests
  3 bullfrog zombies
  12 hounds
  4 centaur skeletons
  19 orc wizards
  An iron imp (D:5)
  Jessica (D:3)
  3 iguanas
  12 worker ants
  Natasha (thrice) (D:3)
  Robin (D:2)
  8 adders
  21 gnolls
  5 shadow imps
  2 oozes
  An adder zombie (D:7)
  3 adder skeletons
  6 worms
  5 dart slugs
  7 leopard geckos
  57 orcs
  9 giant cockroaches
  18 goblins
  7 hobgoblins
  10 jackals
  13 kobolds
  3 quokkas
  4 bats
  13 frilled lizards
  A leopard gecko skeleton (D:6)
  9 rats
618 creatures vanquished.

Vanquished Creatures (collateral kills)
  An ettin (Orc:2)
  An orc knight (Orc:2)
  3 orc sorcerers (Orc:2)
  2 elephants (Lair:6)
  2 slime creatures (D:12)
  2 hippogriffs (Lair:6)
  A warg (Orc:2)
  6 orc warriors (Orc:2)
  An ogre (Orc:2)
  An orc priest (Orc:2)
  An orc wizard (Orc:2)
  4 orcs
  A kobold (D:9)
26 creatures vanquished.

Vanquished Creatures (others)
  A dancing weapon (Orc:2)
  2 wolves (Lair:6)
  2 orc wizards (Orc:2)
  4 orcs
  A hobgoblin (D:2)
  6 fungi
  A plant (D:11)
17 creatures vanquished.

Grand Total: 661 creatures vanquished

Notes
Turn   | Place    | Note
-------+----------+-------------------------------------------
     0 | D:1      | Lavandula the Vine Stalker Chaos Knight began the quest for
                  | the Orb.
     0 | D:1      | Reached XP level 1. HP: 11/11 MP: 2/2
    33 | D:1      | Reached skill level 3 in Long Blades
    40 | D:1      | Reached XP level 2. HP: 9/16 MP: 1/3
   245 | D:2      | XOM: divination: detect items
   294 | D:1      | Reached XP level 3. HP: 18/19 MP: 4/4
   366 | D:2      | XOM: divination: detect items
   373 | D:2      | Reached skill level 4 in Long Blades
   391 | D:2      | Found an ornate altar of the Wu Jian Council.
   447 | D:1      | XOM: silly message
   516 | D:1      | XOM: silly message
   580 | D:1      | XOM: divination: detect creatures
   743 | D:1      | Gained mutation: Your natural rate of healing is unusually
                  | fast. [Vine Stalker growth]
   743 | D:1      | Reached XP level 4. HP: 15/23 MP: 5/5
  1038 | D:2      | Reached skill level 5 in Long Blades
  1048 | D:2      | Reached XP level 5. HP: 27/27 MP: 6/6
  1072 | D:2      | Noticed Robin
  1074 | D:2      | Found a faded altar of an unknown god.
  1113 | D:2      | Killed Robin
  1245 | D:2      | Noticed a shapeshifter
  1245 | D:2      | a dart slug changed into a shapeshifter
  1246 | D:2      | Noticed a polar bear
  1246 | D:2      | a shapeshifter changed into a polar bear
  1257 | D:2      | Noticed a basilisk
  1257 | D:2      | a polar bear changed into a basilisk
  1323 | D:3      | Found a shattered altar of Ashenzari.
  1337 | D:3      | Noticed Jessica
  1338 | D:3      | Noticed Natasha
  1341 | D:3      | Killed Jessica
  1341 | D:3      | Reached skill level 6 in Long Blades
  1341 | D:3      | Reached XP level 6. HP: 28/32 MP: 7/7
  1350 | D:3      | XOM: cast spell 'Summon Ice Beast'
  1351 | D:3      | Killed Natasha
  1582 | D:3      | Found a snail-covered altar of Cheibriados.
  1707 | D:3      | Noticed Natasha
  1711 | D:3      | XOM: potion effect (invisibility)
  1713 | D:3      | Killed Natasha
  1924 | D:4      | Noticed a phantom
  1950 | D:4      | XOM: cast spell 'Dispersal'
  1956 | D:4      | Killed a phantom
  1956 | D:4      | Reached skill level 7 in Long Blades
  1956 | D:4      | Reached XP level 7. HP: 20/35 MP: 5/8
  2059 | D:4      | XOM: 1-stop teleportation journey
  2061 | D:4      | XOM: blink monster(s)
  2072 | D:4      | XOM: 1-stop teleportation journey
  2191 | D:4      | XOM: noise
  2193 | D:4      | XOM: enchant monster (good)
  2247 | D:4      | XOM: 3-stop teleportation journey
  2367 | D:4      | XOM: summons friendly iron imp
  2369 | D:4      | XOM: cast spell 'Summon Small Mammal'
  2389 | D:4      | XOM: cast spell 'Summon Small Mammal'
  2390 | D:4      | Noticed a glowing shapeshifter
  2390 | D:4      | a gnoll changed into a glowing shapeshifter
  2390 | D:4      | Noticed a two-headed ogre
  2390 | D:4      | a glowing shapeshifter changed into a two-headed ogre
  2394 | D:4      | Noticed a snapping turtle
  2394 | D:4      | a two-headed ogre changed into a snapping turtle
  2402 | D:4      | XOM: silly message
  2403 | D:4      | Noticed a lindwurm
  2403 | D:4      | a snapping turtle changed into a lindwurm
  2404 | D:4      | Noticed a death drake
  2404 | D:4      | a lindwurm changed into a death drake
  2408 | D:4      | Noticed a manticore
  2408 | D:4      | a death drake changed into a manticore
  2606 | D:3      | XOM: silly message
  2656 | D:3      | Noticed Natasha
  2664 | D:3      | Killed Natasha
  2676 | D:5      | Entered Level 5 of the Dungeon
  2700 | D:5      | Found a shattered altar of Ashenzari.
  2705 | D:5      | XOM: divination: magic mapping
  2727 | D:5      | Found Ilotziyc's Weapon Boutique.
  2751 | D:5      | Bought a +1 long sword of electrocution for 204 gold pieces
  2780 | D:5      | Found Yvusko's Food Boutique.
  2783 | D:5      | Reached skill level 8 in Long Blades
  2812 | D:5      | Found Nyotiruf's Book Emporium.
  2838 | D:5      | Found Etuob's Armour Shoppe.
  2849 | D:5      | Found Rodocer's Assorted Antiques.
  2857 | D:5      | Bought a scroll labeled EHERGH URYLUQY for 25 gold pieces
  3193 | D:6      | XOM: silly message
  3282 | D:6      | Gained mutation: You have razor-sharp teeth. [Vine Stalker
                  | growth]
  3282 | D:6      | Reached XP level 8. HP: 39/39 MP: 9/9
  3319 | D:6      | Found a staircase to the Ecumenical Temple.
  3396 | D:6      | XOM: silly message
  3398 | D:6      | Reached skill level 9 in Long Blades
  3439 | D:6      | XOM: 2-stop teleportation journey
  3456 | D:6      | Found Neeluama's Needful Niceties.
  3576 | D:6      | XOM: silly message
  3757 | D:5      | Bought an iron wand for 100 gold pieces
  3848 | D:6      | Found a glowing silver altar of Zin.
  3848 | D:6      | Found a hide-covered altar of Uskayaw.
  3968 | D:7      | Reached skill level 1 in Dodging
  3973 | D:7      | XOM: noise
  4098 | D:7      | Noticed a hippogriff
  4105 | D:7      | Killed a hippogriff
  4105 | D:7      | Reached XP level 9. HP: 42/43 MP: 10/10
  4198 | D:7      | XOM: cloud trail
  4636 | D:5      | Bought a scarf of repulsion for 156 gold pieces
  4675 | D:8      | Reached skill level 5 in Dodging
  4894 | D:8      | Noticed a two-headed ogre
  4902 | D:8      | Killed a two-headed ogre
  4902 | D:8      | Reached skill level 5 in Armour
  4924 | D:8      | XOM: fog
  5192 | D:8      | XOM: potion effect (might)
  5220 | D:8      | XOM: stat loss: -1 Int (11/12)
  5244 | D:8      | Reached XP level 10. HP: 47/47 MP: 11/11
  5305 | D:8      | Found a bloodstained altar of Trog.
  5575 | D:9      | XOM: cast spell 'Summon Horrible Things'
  5644 | D:9      | XOM: confuse monster(s)
  5680 | D:9      | Found a white marble altar of Elyvilon.
  5703 | D:9      | Found a shimmering altar of Xom.
  5723 | D:9      | Noticed a tengu warrior
  5780 | D:9      | XOM: swap monsters
  5792 | D:10     | Entered Level 10 of the Dungeon
  5846 | D:10     | Noticed Josephine
  5860 | D:10     | Killed Josephine
  5864 | D:10     | XOM: divination: magic mapping
  5883 | D:10     | Found a staircase to the Orcish Mines.
  5890 | D:10     | Found a roughly hewn altar of Beogh.
  5914 | D:10     | Noticed Fannar
  5943 | D:10     | XOM: summons friendly quasit
  5946 | D:10     | XOM: potion effect (brilliance)
  5948 | D:10     | XOM: confuse monster(s)
  5971 | D:10     | XOM: confuse monster(s)
  5982 | D:10     | Killed Fannar
  6006 | D:10     | Reached XP level 11. HP: 52/54 MP: 12/12
  6007 | D:10     | Reached skill level 5 in Fighting
  6076 | D:10     | XOM: confuse monster(s)
  6160 | D:9      | You fall into a shaft and drop 2 floors!
  6226 | D:11     | XOM: scenery: 1 doors close
  6264 | D:10     | Noticed Harold
  6274 | D:10     | XOM: fog
  6277 | D:10     | Killed Harold
  6292 | D:10     | XOM: swap monsters
  6719 | D:10     | Noticed Maurice
  6726 | D:10     | XOM: scenery: 1 doors close
  6728 | D:10     | Killed Maurice
  6897 | D:11     | XOM: enchant monster (bad)
  6965 | D:11     | Noticed a skeletal warrior
  6966 | D:11     | Noticed a skeletal warrior
  6966 | D:11     | Noticed a skeletal warrior
  6968 | D:11     | XOM: 2-stop teleportation journey
  7172 | D:11     | XOM: give mutations
  7172 | D:11     | Gained mutation: You are weak. (Str -2) [Xom's mischief]
  7172 | D:11     | Gained mutation: You occasionally shout uncontrollably at
                  | your foes. [Xom's mischief]
  7172 | D:11     | Gained mutation: You are frail. (-10% HP) [Xom's mischief]
  7172 | D:11     | Lost mutation: You occasionally shout uncontrollably at
                  | your foes. [Xom's mischief]
  7221 | D:12     | XOM: summons 1 hostile shadow creature
  7230 | D:12     | Reached skill level 10 in Long Blades
  7363 | D:12     | XOM: stat loss: -1 Int (11/12)
  7392 | D:12     | Found a blossoming altar of Fedhas.
  7414 | D:12     | XOM: silly message
  7425 | D:12     | XOM: enchant monster (bad)
  7527 | D:12     | XOM: 3-stop teleportation journey
  7528 | D:12     | Noticed a green ugly thing
  7539 | D:12     | Killed a green ugly thing
  7717 | D:12     | XOM: give mutations
  7717 | D:12     | Gained mutation: You are very weak. (Str -4) [Xom's
                  | mischief]
  7717 | D:12     | Lost mutation: You are frail. (-10% HP) [Xom's mischief]
  7740 | D:13     | XOM: blink monster(s)
  7762 | D:12     | XOM: noise
  7763 | D:12     | XOM: silly message
  7771 | D:12     | XOM: noise
  7793 | D:12     | XOM: enchant monster (bad)
  7868 | D:12     | XOM: smoke on damage
  7877 | D:12     | XOM: cast spell 'Shadow Creatures'
  7899 | D:13     | Reached skill level 11 in Long Blades
  7902 | D:13     | XOM: potion effect (might)
  7909 | D:12     | XOM: cloud trail
  7958 | D:13     | XOM: confuse monster(s)
  7959 | D:13     | XOM: summons friendly quasit
  7977 | D:13     | Gained mutation: You heal very quickly. [Vine Stalker
                  | growth]
  7977 | D:13     | Reached XP level 12. HP: 64/64 MP: 13/13
  8061 | D:13     | Noticed a two-headed ogre
  8061 | D:13     | a large slime creature changed into a two-headed ogre
  8061 | D:13     | XOM: polymorph titanic slime creature -> two-headed ogre
  8071 | D:13     | Killed a two-headed ogre
  8071 | D:13     | Reached skill level 12 in Long Blades
  8097 | D:13     | XOM: 4-stop teleportation journey
  8194 | D:13     | XOM: 9-stop teleportation journey
  8207 | D:13     | Found a gate to the Vaults.
  8207 | D:13     | Noticed a vault guard
  8210 | D:13     | XOM: summons friendly quasit
  8216 | D:13     | Killed a vault guard
  8254 | D:13     | Noticed a centaur warrior
  8264 | D:13     | Killed a centaur warrior
  8358 | D:13     | XOM: god gift: plate armour {god gift}
  8406 | D:13     | Reached skill level 13 in Long Blades
  8506 | D:13     | XOM: silly message
  8572 | D:13     | XOM: noise
  8710 | D:13     | XOM: noise
  8945 | D:14     | XOM: silly message
  9164 | D:14     | XOM: divination: detect creatures
  9172 | D:14     | Reached skill level 1 in Evocations
  9197 | D:14     | XOM: god gift: phantom mirror
  9201 | D:14     | Noticed a death knight
  9244 | D:14     | Noticed Roxanne
  9257 | D:15     | Entered Level 15 of the Dungeon
  9272 | D:15     | Noticed a centaur warrior
  9277 | D:15     | XOM: summons 3 friendly demons
  9278 | D:15     | XOM: enchant monster (bad)
  9286 | D:15     | XOM: butterfly on damage
  9287 | D:15     | Noticed a two-headed ogre
  9302 | D:15     | Found a staircase to the Depths.
  9302 | D:15     | XOM: 1-stop teleportation journey
  9305 | D:15     | Noticed a six-headed hydra
  9305 | D:15     | XOM: noise
  9337 | D:15     | XOM: scenery: create altars
  9553 | Orc:1    | Entered Level 1 of the Orcish Mines
  9597 | Orc:1    | XOM: destruction
  9622 | Orc:1    | Noticed an orc high priest
  9635 | Orc:1    | Killed an orc high priest
  9654 | Orc:1    | XOM: swap monsters
  9659 | Orc:1    | Reached XP level 13. HP: 39/68 MP: 12/16
  9659 | Orc:1    | XOM: noise
  9692 | D:9      | XOM: polymorph tengu warrior -> shapeshifter
  9783 | D:5      | Bought a book of Minor Magic for 260 gold pieces
  9786 | D:5      | Learned a level 2 spell: Blink
  9790 | D:5      | Learned a level 3 spell: Mephitic Cloud
  9795 | D:5      | Learned a level 4 spell: Summon Lightning Spire
  9897 | Orc:1    | XOM: 2-stop teleportation journey
  9947 | Orc:1    | XOM: summons 1 hostile demon
  9948 | Orc:1    | XOM: summons 7 hostile demons
  9954 | Orc:1    | XOM: summons 2 hostile demons
 10051 | Orc:2    | Entered Level 2 of the Orcish Mines
 10086 | Orc:2    | Reached skill level 14 in Long Blades
 10162 | Orc:1    | XOM: confuse monster(s)
 10169 | Orc:1    | XOM: cleaving
 10460 | Orc:2    | Noticed an ettin
 10464 | Orc:2    | XOM: smoke on damage
 10482 | Orc:2    | Killed an ettin
 10597 | Orc:2    | Reached skill level 5 in Translocations
 10616 | Orc:2    | Found a staircase to the Elven Halls.
 10618 | Orc:2    | XOM: cloud trail
 10945 | Orc:2    | XOM: confuse monster(s)
 11004 | Orc:1    | XOM: enchant monster (good)
 11051 | Orc:2    | Gained mutation: You are dopey. (Int -2) [a neqoxec]
 11054 | Orc:2    | XOM: summons 2 hostile demons
 11054 | Orc:2    | Gained mutation: Your magical capacity is low. (-10% MP) [a
                  | neqoxec]
 11055 | Orc:2    | XOM: cleaving
 11062 | Orc:2    | Reached skill level 1 in Spellcasting
 11142 | Orc:2    | XOM: chaos cloud
 11205 | Orc:2    | Found Howomafa's Armour Emporium.
 11205 | Orc:2    | Found Qaotyes's Weapon Shop.
 11207 | Orc:2    | Found Jyhuradao's Distillery.
 11207 | Orc:2    | Found Tuocuim's Magic Scroll Emporium.
 11215 | Orc:2    | Bought a potion of mutation for 128 gold pieces
 11215 | Orc:2    | Bought a potion of degeneration for 16 gold pieces
 11221 | Orc:2    | Bought a potion of magic for 128 gold pieces
 11221 | Orc:2    | Bought a potion of brilliance for 64 gold pieces
 11221 | Orc:2    | Bought a potion of stabbing for 64 gold pieces
 11221 | Orc:2    | Bought a potion of haste for 160 gold pieces
 11222 | Orc:2    | Bought a scroll of enchant weapon for 90 gold pieces
 11222 | Orc:2    | Bought a scroll of fog for 24 gold pieces
 11222 | Orc:2    | Bought a scroll of fog for 24 gold pieces
 11353 | D:11     | XOM: chaos upgrade
 11354 | D:11     | XOM: summons 2 friendly demons
 11391 | D:11     | Found a staircase to the Lair.
 11421 | Lair:1   | Entered Level 1 of the Lair of Beasts
 11429 | Lair:1   | Lost mutation: You are very weak. (Str -4) [potion of
                  | mutation]
 11429 | Lair:1   | Lost mutation: You are weak. (Str -2) [potion of mutation]
 11429 | Lair:1   | Gained mutation: You expend magic power (3 MP) to
                  | strengthen your wands. [potion of mutation]
 11429 | Lair:1   | Gained mutation: Your system is resistant to poisons.
                  | (rPois) [potion of mutation]
 11432 | Lair:1   | XOM: noise
 11481 | Lair:1   | XOM: potion effect (invisibility)
 11637 | Lair:1   | XOM: divination: detect items
 11642 | Lair:1   | XOM: cast spell 'Summon Small Mammal'
 11657 | Lair:1   | XOM: confuse monster(s)
 11663 | Lair:1   | Reached skill level 1 in Air Magic
 11684 | Lair:1   | XOM: god gift: 6 stones
 11788 | Lair:1   | XOM: potion effect (stabbing)
 11820 | Lair:1   | Learned a level 2 spell: Shroud of Golubria
 11825 | Lair:1   | Learned a level 4 spell: Passage of Golubria
 11846 | Lair:1   | XOM: potion effect (invisibility)
 12004 | Lair:2   | Found a staircase to the Swamp.
 12077 | Lair:2   | Found a hole to the Spider Nest.
 12078 | Lair:2   | XOM: confuse monster(s)
 12096 | Lair:2   | XOM: divination: magic mapping
 12161 | Lair:3   | Reached skill level 5 in Air Magic
 12349 | Lair:2   | XOM: noise
 12354 | Lair:2   | Reached XP level 14. HP: 51/73 MP: 19/19
 12366 | Lair:2   | Reached skill level 1 in Summonings
 12467 | Lair:2   | XOM: noise
 12609 | Lair:3   | Identified a scroll of acquirement
 12612 | Lair:3   | Identified the ring of Erivvir {Wiz rN+ SInv} (You acquired
                  | it on level 3 of the Lair of Beasts)
 12612 | Lair:3   | Identified the +9 triple sword "Araefruj" {vorpal, rPois
                  | rF+} (You acquired it on level 3 of the Lair of Beasts)
 12710 | Lair:3   | XOM: potion effect (haste)
 12712 | Lair:3   | XOM: polymorph elephant -> faun
 12723 | Lair:3   | Reached skill level 1 in Shields
 12740 | Lair:3   | XOM: enchant monster (good)
 12816 | Lair:3   | XOM: cast spell 'Summon Butterflies'
 12820 | Lair:3   | XOM: enchant monster (bad)
 12836 | Lair:3   | XOM: divine lightning
 12981 | Lair:3   | XOM: torment (45/73 hp)
 13092 | Lair:4   | Identified the Collected Works on Congealing Talismans (You
                  | acquired it on level 4 of the Lair of Beasts)
 13092 | Lair:4   | Identified the amulet "Rixyaqam" {Gourm rElec Str-4 Stlth+}
                  | (You acquired it on level 4 of the Lair of Beasts)
 13379 | Lair:4   | XOM: summons 2 hostile shadow creatures
 13381 | Lair:4   | You fall into a shaft and drop 2 floors!
 13381 | Lair:6   | Entered Level 6 of the Lair of Beasts
 13401 | Lair:6   | XOM: scenery: create altars
 13411 | Lair:6   | XOM: give mutations
 13411 | Lair:6   | Gained mutation: You have sharp toenails. [Xom's grace]
 13411 | Lair:6   | Lost mutation: Your magical capacity is low. (-10% MP)
                  | [Xom's grace]
 13411 | Lair:6   | Gained mutation: Your spells are a little harder to cast,
                  | but a little more powerful. [Xom's grace]
 13430 | Lair:6   | XOM: cloud trail
 13452 | Lair:6   | Found a large runed translucent door.
 13452 | Lair:6   | Found a large runed translucent door.
 13469 | Lair:6   | XOM: 1-stop teleportation journey
 13470 | Lair:6   | XOM: confusion
 13473 | Lair:6   | XOM: swap monsters
 13494 | Lair:6   | XOM: blink monster(s)
 13505 | Lair:6   | XOM: polymorph rime drake -> hog
 13516 | Lair:6   | XOM: cast spell 'Necromutation'
 13571 | Lair:6   | XOM: scenery: create altars
 13596 | Lair:6   | XOM: scenery: create altars
 13655 | Lair:6   | XOM: snakes to sticks
 13658 | Lair:6   | XOM: destruction
 13703 | Lair:6   | XOM: confuse monster(s)
 13731 | Lair:6   | XOM: divine lightning
 13733 | Lair:6   | XOM: potion effect (haste)
 13747 | Lair:6   | XOM: confuse monster(s)
 13772 | Lair:6   | XOM: cast spell 'Summon Small Mammal'
 13779 | Lair:6   | XOM: noise
 13782 | Lair:6   | XOM: potion effect (magic)
 13800 | Lair:6   | Reached skill level 5 in Stealth
 13894 | Lair:6   | XOM: silly message
 13913 | Lair:6   | XOM: noise
 14057 | Lair:5   | XOM: confuse monster(s)
 14059 | Lair:5   | XOM: divination: magic mapping
 14070 | Lair:5   | Noticed Urug
 14083 | Lair:5   | XOM: summons 6 friendly demons
 14088 | Lair:5   | Killed Urug
 14147 | Lair:5   | Found a runed translucent door.
 14147 | Lair:5   | Found a viscous altar of Jiyva.
 14147 | Lair:5   | Found a staircase to the Slime Pits.
 14367 | Lair:6   | Reached skill level 15 in Long Blades
 14444 | Lair:6   | XOM: 2-stop teleportation journey
 14464 | Lair:6   | XOM: god gift: twisted jewelled staff {god gift}
 14466 | Lair:6   | XOM: enchant monster (good)
 14491 | Lair:6   | Reached XP level 15. HP: 68/77 MP: 22/22
 14670 | Lair:5   | XOM: stat loss: -1 Int (9/10)
 14796 | Swamp:1  | Entered Level 1 of the Swamp
 14797 | Swamp:1  | XOM: polymorph slime creature -> tyrant leech
 14801 | Swamp:1  | XOM: divination: detect items
 14905 | Swamp:1  | Found a transporter.
 15005 | Swamp:1  | Found a transporter.
 15011 | Swamp:1  | Gained mutation: You tend to lose your temper in combat.
                  | [mutagenic glow]
 15015 | Swamp:1  | Identified the ring "Idghaoda" {rCorr Str+3 Int+3 Dex-5}
                  | (You found it on level 1 of the Swamp)
 15032 | Swamp:1  | Identified the ring "Ebiplirch" {Ice *Corrode rPois Int+4
                  | Slay+3} (You found it on level 1 of the Swamp)
 15099 | Swamp:1  | Gained mutation: You occasionally shout uncontrollably at
                  | your foes. [mutagenic glow]
 15215 | Swamp:1  | XOM: polymorph seven-headed hydra -> shapeshifter
 15225 | Swamp:2  | XOM: summons 2 friendly demons
 15440 | Swamp:2  | XOM: 4-stop teleportation journey
 15578 | Swamp:1  | XOM: fake destruction
 15593 | Swamp:1  | Reached skill level 16 in Long Blades
 15708 | Swamp:1  | XOM: cast spell 'Summon Butterflies'
 15756 | Swamp:1  | XOM: noise
 15792 | Swamp:1  | Slain by a shambling mangrove

Levels and vault maps discovered:
D:1:      ncdulo_lavacross, layout_basic
D:2:      layout_rooms, lemuel_crystal_altar,
          chequers_ecumenical_altar_simple_redux, minmay_lizard_king, uniq_robin
D:3:      layout_loops_corners, lemuel_crystal_altar, overflow_temple_1_default,
          grunt_ministairs_6, uniq_jessica, uniq_natasha
D:4:      layout_layer_cave, first_ration
D:5:      layout_cave_pools, serial_shops, nicolae_shop_waterfront,
          nicolae_shop_stone, shop, shop, nicolae_shop_overgrown_old_shop,
          cheibrodos_ashenzari_chains
D:6:      layout_cave_pods, gammafunk_temple_overflow_wave,
          minmay_temple_entry_overgrown, nicolae_alphabet_shops
D:7:      layout_basic, minmay_misc_feat_cross, chequers_serial_rivers_room_b
D:8:      layout_cave_pods, trog_hazing_becter
D:9:      layout_irregular_city, lemuel_doored_altar, basic_altar,
          minmay_mirror_moons_of_madness, uniq_maggie
D:10:     layout_roguey, minmay_orc_entry_temple_small,
          hangedman_decor_opposing, uniq_maurice, uniq_josephine, uniq_fannar,
          uniq_harold
D:11:     layout_roguey, grunt_lair_entry_orc_guard_hut, gauntlet_entry_generic,
          hangedman_pestilent_swarm
D:12:     layout_cave_pools, fedhas_bush_and_centaur_altar
D:13:     layout_loops_ring, david_vaults_5, grunt_ministairs_6,
          grunt_decor_mini_mirrors
D:14:     layout_irregular_city, lemuel_blue_sif_altar, uniq_roxanne
D:15:     gammafunk_depths_entry_grave, layout_loops_ring, hex_medium
Lair:1:   layout_small_grid, lemuel_fruit_tree
Lair:2:   layout_roguey, minmay_swamp_entry_swarm, spider_nest_entry_a
Lair:3:   layout_cave_shapes, grunt_forest_stairs_clearing, serial_bayou_shore_a
Lair:4:   layout_cave_pods, minivault_26
Lair:5:   layout_misc_corridors, slime_altar_2, uniq_urug
Lair:6:   cheibrodos_lair_end_hotspot, layout_regular_city
Swamp:1:  gammafunk_its_a_trap, layout_basic_swamp, evilmike_swamp_ruin_rubble_1
Swamp:2:  layout_falls_marsh, hangedman_swamp_ruin_wall
Orc:1:    layout_diamond_mine, abandoned_shop
Orc:2:    grunt_orc_tribal_feast, layout_caves

Skill      XL: |  1  2  3  4  5  6  7  8  9 10 11 12 13 14 15 |
---------------+----------------------------------------------+-----
Long Blades    | 3 4 5 6 7 8 9 11 13 14 15 16 | 16.2
Dodging        | 4 5 |  5.0
Armour         | 6 9 |  9.0
Fighting       | 4 8 |  8.1
Evocations     | 3 |  3.9
Translocations | 7 |  7.1
Spellcasting   | 4 |  4.2
Air Magic      | 5 |  5.6
Summonings     | 3 |  3.2
Shields        | 4 |  4.0
Stealth        | 7 |  7.1

Action                   |  1- 3 |  4- 6 |  7- 9 | 10-12 | 13-15 || total
-------------------------+-------+-------+-------+-------+-------++-------
Melee: Falchion          |    62 |   162 |   104 |       |       ||   328
       Bite              |    14 |    48 |   104 |   290 |   513 ||   969
       Long sword        |       |       |   198 |   613 |   245 ||  1056
       Scimitar          |       |       |       |       |   777 ||   777
       Dagger            |       |       |       |       |     6 ||     6
Throw: Dart              |       |       |       |     2 |    14 ||    16
       Throwing net      |       |       |       |     1 |       ||     1
 Cast: Blink             |       |       |       |       |     6 ||     6
       Shroud of Golubri |       |       |       |       |     3 ||     3
       Passage of Golubr |       |       |       |       |     1 ||     1
       Summon Lightning  |       |       |       |       |     1 ||     1
Evoke: Wand              |       |     1 |       |    18 |     6 ||    25
       Phial of floods   |       |       |       |     1 |     1 ||     2
  Use: Scroll            |       |     3 |     6 |    16 |    12 ||    37
       Potion            |       |       |       |     2 |     5 ||     7
 Stab: Sleeping          |       |     3 |     1 |     3 |     9 ||    16
       Distracted        |       |     1 |       |     1 |     3 ||     5
       Invisible         |       |     1 |       |       |    11 ||    12
       Paralysed         |       |       |     1 |     9 |       ||    10
       Confused          |       |       |       |     2 |     7 ||     9
       Betrayed ally     |       |       |       |       |     2 ||     2
  Eat: Chunk             |       |     3 |    11 |    16 |    19 ||    49
       Ration            |       |       |       |       |     1 ||     1
Armor: Leather armour    |    24 |    31 |    93 |   135 |       ||   283
       Chain mail        |       |       |     1 |       |       ||     1
       Acid dragon scale |       |       |       |    38 |   256 ||   294
Dodge: Dodged            |    43 |    68 |   157 |   452 |   569 ||  1289
       Repelled          |       |       |     2 |    16 |    10 ||    28
Block: Buckler           |       |       |       |       |   148 ||   148
       Rpst.: Falchion   |    17 |    24 |     8 |       |       ||    49
       Long sword        |       |       |    32 |   133 |    34 ||   199
       Scimitar          |       |       |       |       |   109 ||   109

Table legend:
 A = Non-vault XP
 B = Vault XP
 C = Vault XP percentage of total XP
 D = Non-vault monster count
 E = Vault monster count
 F = Vault count percentage of total count
                 A         B        C        D         E       F
            +---------+---------+-------+---------+---------+-------
      Total |   73089 |   29052 |  28.4 |     522 |     125 |  19.3
            +---------+---------+-------+---------+---------+-------
        D:1 |      55 |       1 |   1.8 |      20 |       1 |   4.8
        D:2 |     142 |      42 |  22.8 |      29 |      17 |  37.0
        D:3 |     257 |      78 |  23.3 |      26 |       4 |  13.3
        D:4 |     355 |       0 |   0.0 |      22 |       0 |   0.0
        D:5 |     164 |       0 |   0.0 |      12 |       0 |   0.0
        D:6 |     687 |       0 |   0.0 |      14 |       0 |   0.0
        D:7 |     878 |       0 |   0.0 |      24 |       0 |   0.0
        D:8 |    2140 |      10 |   0.5 |      28 |       6 |  17.6
        D:9 |     874 |     650 |  42.7 |      24 |       1 |   4.0
       D:10 |    2429 |    4661 |  65.7 |      32 |      14 |  30.4
       D:11 |    2158 |     568 |  20.8 |      20 |       6 |  23.1
       D:12 |    2928 |     115 |   3.8 |      31 |       1 |   3.1
       D:13 |    8214 |    1270 |  13.4 |      39 |       3 |   7.1
       D:14 |    2460 |       0 |   0.0 |      10 |       0 |   0.0
       D:15 |     773 |       0 |   0.0 |       2 |       0 |   0.0
     Lair:1 |    5237 |       0 |   0.0 |      25 |       0 |   0.0
     Lair:2 |    3257 |    1898 |  36.8 |      13 |       9 |  40.9
     Lair:3 |    5783 |     467 |   7.5 |      19 |       3 |  13.6
     Lair:4 |    1862 |       0 |   0.0 |       7 |       0 |   0.0
     Lair:5 |    2880 |     819 |  22.1 |      10 |       1 |   9.1
     Lair:6 |   10375 |    8434 |  44.8 |      34 |      27 |  44.3
    Swamp:1 |    7919 |    3350 |  29.7 |      20 |       5 |  20.0
    Swamp:2 |    3765 |       0 |   0.0 |      12 |       0 |   0.0
      Orc:1 |    5091 |    1256 |  19.8 |      31 |       2 |   6.1
      Orc:2 |    2406 |    5433 |  69.3 |      18 |      25 |  58.1
            +---------+---------+-------+---------+---------+-------
